[Event "Mongolian Championship Women 2022"]
[Site "Chingis Khentii"]
[Date "2022.05.15"]
[Round "3.6"]
[White "Nomindalai Tumurbaatar"]
[Black "Munkhzul, Davaakhuu"]
[Result "1/2-1/2"]
[ECO "A11"]
[WhiteElo "2111"]
[BlackElo "1991"]
[Annotator "TA"]
[PlyCount "147"]
[EventDate "2022.05.12"]
[EventType "tourn"]
[EventCountry "MGL"]
[SourceTitle "playchess.com"]
[Source "ChessBase"]
[SourceQuality "1"]
[TimeControl "40/5400+30:1800+30"]

1. Nf3 Nf6 2. g3 d5 3. Bg2 Bf5 4. c4 c6 5. cxd5 cxd5 6. Qb3 Qc8 7. Nc3 e6 8. d3 Nc6 9. O-O Be7 10. Bf4 O-O {[%emt 0:05:57] A11: English Opening: 1...c6.} 11. Rac1 Qd7 12. e4 Bg6 {[%emt 0:16:57] White is slightly better.} 13. exd5 {[%emt 0:13:14] White is more active.} exd5 {[%emt 0:03:44] [#]} 14. Ne2 $146 ({White should play} 14. d4 $16) ({Predecessor:} 14. Ne5 Nxe5 15. Bxe5 Bxd3 16. Nxd5 Nxd5 17. Qxd3 Rad8 18. Qb3 Bf6 19. Bxf6 Nxf6 20. Rfd1 {1-0 (54) Shoker,S (2489)-Siva,M (2400) Doha 2015}) 14... Rac8 15. Ne5 Nxe5 16. Bxe5 Rc6 17. Nf4 Rb6 18. Qc3 Bf5 19. Qd2 (19. Qd4 $16) 19... Bb4 $11 20. Qc2 Rc6 21. Qb3 (21. Qd1 $5 ) 21... Bd2 22. Rcd1 Bxf4 23. Bxf4 Rb6 24. Qc2 Rc8 25. Qd2 Rbc6 26. Be5 Ng4 27. Bd4 Rh6 (27... Nf6 $11 {remains equal.}) 28. h3 $16 Nf6 29. g4 (29. Bxa7 Bxh3 30. Rc1 Bxg2 31. Kxg2 Ra8 $17) 29... Bxg4 30. hxg4 $40 {[%emt 0:00:52][%mdl 128] White wants a kill.} Nxg4 (30... Qxg4 $142 31. Be5 (31. Rc1 Rxc1 32. Rxc1 Rg6 $16) 31... Rg6) 31. Qf4 Rg6 32. Rc1 {[%emt 0:00:07] Rxc8+ is the strong threat.} (32. Bxa7 Nf6 33. Qf3 Ra8 $18) 32... Re8 33. Rfe1 Rxe1+ 34. Rxe1 {[%emt 0:00:01] [#] Intending Qb8+ and mate.} h5 35. Qb8+ Kh7 36. Re8 (36. Bxa7 Qc6 37. Qg3 Qf6 $18) 36... Rc6 $2 (36... Rg5 37. f3 (37. Rh8+ Kg6 $18) 37... Qa4) 37. Re1 $2 (37. Bh3 $18) 37... Nh6 $2 (37... Rg6 $1 $11 {and Black is okay.}) 38. Qf4 ({Weaker is} 38. Qxa7 Rg6 39. Kf1 Qf5 $11) (38. Bxa7 h4 39. Qh2 b6 $18) 38... Rg6 39. Kf1 $2 ({Don't play} 39. Bxa7 Qb5 40. Qe5 Re6 $18) (39. Qf3 $18) 39... Rg4 $1 $11 40. Qe5 f6 {[%emt 0:00:00] [#]} 41. Qxh5 Rxd4 42. Bh3 f5 43. Qg5 {[%emt 0:01:03] Threatens to win with Re7.} Qf7 44. Re7 Qg6 45. Qxg6+ Kxg6 46. Rxb7 Rxd3 {[%emt 0:00:13][%mdl 4096] Endgame KRB-KRN} 47. Bg2 Ng4 48. Ke2 {[%emt 0:00:07] Prevents Rd2+.} Rd4 49. Rxa7 Rc4 50. Bxd5 Rc2+ 51. Kd3 Rxb2 52. f3 Nf2+ 53. Ke3 Kf6 {[%emt 0:00:57] White must now prevent ...Ke5. The position is equal.} 54. Bb3 g5 55. Ra6+ Kg7 56. Be6 f4+ 57. Kd4 Re2 58. Bf5 Kf7 59. Bg6+ Ke7 60. Bh5 Nd1 61. a4 Ne3 62. Ke5 Nc4+ 63. Kf5 Re5+ 64. Kg6 Rc5 65. Ra7+ Kd6 66. Kf6 Nb6 67. Rg7 Nxa4 68. Be8 Nb6 69. Rxg5 Rxg5 70. Kxg5 Ke5 71. Bc6 Nc4 72. Ba8 Ne3 73. Bb7 Ng2 74. Bc8 {[%emt 0:00:43] Blacks defense is rewarded with a draw.  Weighted Error Value: White=0.27 (precise) /Black=0.31} 1/2-1/2

[Event "Mongolian Championship Women 2022"]
[Site "Chingis Khentii"]
[Date "2022.05.15"]
[Round "4.1"]
[White "Amin-Erdene, Bayanmunkh"]
[Black "Munkhzul, Turmunkh"]
[Result "0-1"]
[ECO "E05"]
[WhiteElo "1425"]
[BlackElo "2294"]
[Annotator "TA"]
[PlyCount "114"]
[EventDate "2022.05.12"]
[EventType "tourn"]
[EventCountry "MGL"]
[SourceTitle "playchess.com"]
[Source "ChessBase"]
[SourceQuality "1"]
[TimeControl "40/5400+30:1800+30"]

1. d4 d5 2. c4 e6 3. Nf3 Nf6 4. g3 Be7 5. Bg2 O-O 6. O-O dxc4 7. Qc2 a6 8. a4 Bd7 9. Qxc4 Bc6 10. Bg5 Bd5 11. Qc2 Be4 12. Qc1 h6 13. Bxf6 {[%emt 0:00:53] E05: Open Catalan: 5 Nf3 Be7.} Bxf6 14. e3 a5 15. Nbd2 {[%emt 0:06:34] The position is equal.} Bxf3 16. Bxf3 c6 17. Nc4 Na6 18. Rd1 Nb4 {[%emt 0:04:06] [#]} 19. Kg2 $146 ({Predecessor:} 19. Qd2 Qc7 20. Qe2 Rad8 {½-½ (20) Eljanov,P (2663)-Kryvoruchko,Y (2675) Lutsk 2019}) 19... Qc7 20. h4 Rfd8 21. Na3 Qe7 22. Qc4 e5 23. Rac1 exd4 24. exd4 Nd5 25. Nc2 Rd6 26. Qc5 {[%emt 0:17:06] [#]} (26. Re1 $11 Qd7 27. Re4) 26... Qd7 (26... Bxh4 $1 $15 27. Bxd5 (27. gxh4 $2 Rg6+ 28. Kf1 Qxh4 $19) 27... Rxd5 28. Qxe7 Bxe7) 27. Ne3 $11 Nxe3+ 28. fxe3 Re8 29. Kf2 (29. d5 $11 {keeps the balance.}) 29... Be7 $17 30. Qxa5 (30. e4 $17 {was necessary.}) 30... Rf6 $2 (30... Rg6 $1 $19 {And now ...Qh3 would win.} 31. h5 Rg5) 31. Kg2 $2 {[%emt 0:01:05] Prevents Qh3+.} (31. e4 $1 $15) 31... Bd8 $2 ({Not} 31... Bd6 32. e4 $16) (31... Rg6 $1 $19 {Threatens to win with ...Bxh4.} 32. Bh5 Bd8) 32. Qc3 $15 Rg6 {[%emt 0:00:08][%mdl 1024] Black has compensation.} ({Don't do} 32... Qf5 33. e4 Rxe4 34. Qd3 $14 (34. Bxe4 Qxe4+ 35. Kg1 Rf3 $17)) 33. h5 Rg5 34. Kf2 (34. e4 $1 $11) 34... Qd6 35. Rg1 Ba5 $36 {[%emt 0:00:10][%mdl 2048] Black is on the roll.} 36. Qc2 (36. Qd3 $142) 36... Qf6 $17 {[%emt 0:00:55] Black is more active.} 37. g4 {[%emt 0:00:59] [#] Against Rf5} Qe7 ({Black should play} 37... c5 $1 $19 38. Rcd1 Bb6) 38. Qd3 $15 Qb4 39. Rc4 Qxb2+ 40. Qc2 {[%emt 0:00:00] Black keeps a firm grip on the game.} Qa3 41. Qc1 {[%emt 0:10:48] [#]} (41. e4 $17) 41... Qd6 $1 $19 {[%emt 0:04:49] White must now prevent ...f5.} 42. Rc5 {[%emt 0:03:19] [#]} (42. Rg2 {keeps fighting.}) 42... Bd2 $1 43. Qxd2 {[%emt 0:01:58] aiming for Rxg5.} Rxc5 {[%emt 0:00:07][%cal Bg5c5,Bc5c4,Bc4b4][%mdl 96] Pin} 44. Qb2 (44. Kg2 $142) 44... Rc4 {[%emt 0:01:19] ...Qh2+ is the strong threat. Black is clearly winning.} 45. g5 hxg5 {[%emt 0:01:43] Hoping for ...Qh2+.} 46. Rxg5 Qe7 47. Re5 Qh4+ 48. Kg2 Rxe5 49. dxe5 {[%emt 0:00:01][%mdl 4096] Endgame KQR-KQB} Rb4 50. Qc3 Qg5+ (50... Rb1 $142 51. Qd2 Rh1 52. Qd8+ Qxd8 53. Kxh1 Qd3) 51. Kf2 Rb1 52. Bg2 Qh4+ 53. Ke2 Qg3 54. Bf3 Qh2+ 55. Kd3 Qa2 56. Qd4 Rb3+ 57. Ke4 Qb1+ {[%emt 0:00:05] Weighted Error Value: White=0.83/Black=0.31} 0-1

[Event "Mongolian Championship Women 2022"]
[Site "Chingis Khentii"]
[Date "2022.05.15"]
[Round "4.2"]
[White "Munkhzul, Davaakhuu"]
[Black "Bayarmaa, Bayarjargal"]
[Result "1-0"]
[ECO "B90"]
[WhiteElo "1991"]
[BlackElo "2124"]
[Annotator "TA"]
[PlyCount "77"]
[EventDate "2022.05.12"]
[EventType "tourn"]
[EventCountry "MGL"]
[SourceTitle "playchess.com"]
[Source "ChessBase"]
[SourceQuality "1"]
[TimeControl "40/5400+30:1800+30"]

1. e4 c5 2. Nf3 d6 3. d4 cxd4 4. Nxd4 Nf6 5. Nc3 a6 6. Nb3 e6 {[%emt 0:00:16] B90: Sicilian Najdorf: Unusual White 6th moves, 6 Be3 Ng4 and 6 Be3 e5.} 7. g4 b5 8. Bg2 {[%emt 0:00:07][%cal Oe4e5] e5! is the strong threat.} Bb7 {[%emt 0:00:21] The position is equal.} 9. g5 Nfd7 (9... b4 $5 ) 10. f4 (10. O-O $142) 10... b4 (10... h6 {feels hotter.} 11. g6 Qh4+ 12. Kf1 Nc6) 11. Ne2 a5 12. Be3 {[%emt 0:00:40] [#]} h6 $146 (12... Be7 $11) ({Predecessor:} 12... Na6 13. Ng3 a4 14. Nd4 Ndc5 15. O-O Qd7 16. c3 bxc3 17. bxc3 g6 18. f5 Bg7 {1-0 (30) Deepan Chakkravarthy,J (2473)-Tran,T (2544) Mumbai 2018}) 13. g6 $1 $16 Na6 14. gxf7+ (14. Ned4 a4 15. Qg4) 14... Kxf7 15. O-O Nf6 16. Ng3 h5 17. e5 $1 Bxg2 18. Kxg2 h4 $2 {[%emt 0:03:09][%mdl 8192] This costs Black the game.} (18... Ng4 $1 $14 19. Bg1 (19. Qf3 Kg8 $14) 19... Kg8) 19. exf6 $18 (19. f5 dxe5 20. fxe6+ Kxe6 21. Rxf6+ gxf6 $11) 19... hxg3 20. hxg3 $2 (20. f5 $18 gxf6 21. fxe6+ Kg8 22. Qg4+ Bg7 23. hxg3) 20... gxf6 {[%emt 0:10:18] [#]} (20... Qxf6 $16 {was necessary.} 21. f5 Kg8) 21. f5 $1 {[%emt 0:01:15] Active counter play!} (21. Rh1 $6 Rxh1 22. Qxh1 (22. Kxh1 Qd7 $14) 22... Kg8 $16) 21... e5 (21... Qd7 22. Qf3 (22. Nxa5 Nc7 $11) 22... Nc7) 22. Qd5+ (22. Qg4 Qc7 $14) 22... Ke8 23. Rh1 Rxh1 24. Qc6+ ({Worse is} 24. Kxh1 Nc7 25. Qf3 Ra6 $11) 24... Kf7 25. Rxh1 {[%emt 0:00:13] Qd5+ would kill now.} Bg7 26. Bb6 Qc8 (26... Qe8 27. Qb7+ (27. Nxa5 Qxc6+ 28. Nxc6 Rc8 $11) (27. Qxd6 Rc8 $18) 27... Kg8 28. Nxa5 Rc8 29. Qxa6 Rxc2+ 30. Kf3 Rxb2 31. Qc4+ Qf7 32. Qc8+ Bf8) 27. Qd5+ Kf8 28. Qxd6+ ({Weaker is} 28. Rh7 Qxc2+ 29. Nd2 Rc8 30. Qxd6+ Kg8 $14) 28... Ke8 29. Nc5 $2 (29. Rh7 Qb7+ 30. Kg1) 29... Nxc5 30. Bxc5 $40 {[%emt 0:00:39][%csl Gc5][%cal Rd6e7][%mdl 128] White attacks with force.} Qb7+ 31. Kf2 Ra6 32. Qd1 {[%emt 0:03:49] Really sharp!} Qc6 $2 (32... Ra8) 33. Qh5+ Kd8 {[%emt 0:00:07] [#]} 34. Rd1+ $1 Kc8 35. Be3 {[%emt 0:00:22] aiming for Qf7.} Qxc2+ (35... Bf8 $18 36. Qh8 Qe8) 36. Rd2 Qc6 37. Qf7 Bh8 38. Qf8+ Kb7 39. Qe7+ {[%emt 0:00:53] Weighted Error Value: White=0.39/Black=0.81} (39. Qd8 $142 Qc8 40. Qe7+ Qc7 41. Rd7) 1-0

[Event "Mongolian Championship Women 2022"]
[Site "Chingis Khentii"]
[Date "2022.05.15"]
[Round "4.3"]
[White "Mungunzul, Bat-Erdene"]
[Black "Anu, Bayar"]
[Result "1-0"]
[ECO "E92"]
[WhiteElo "2091"]
[BlackElo "2102"]
[Annotator "TA"]
[PlyCount "99"]
[EventDate "2022.05.12"]
[EventType "tourn"]
[EventCountry "MGL"]
[SourceTitle "playchess.com"]
[Source "ChessBase"]
[SourceQuality "1"]
[TimeControl "40/5400+30:1800+30"]

1. d4 Nf6 2. c4 g6 3. Nc3 Bg7 4. e4 d6 5. Nf3 O-O 6. Be2 e5 7. Be3 Na6 8. d5 Ng4 9. Bg5 f6 10. Bh4 h5 {[%emt 0:00:13] E92: King's Indian: Classical: 6 Be2 e5: 7 dxe5, 7 Be3 and Petrosian System without 7...Nbd7.} 11. Nd2 {[%emt 0:03:27] 11.h3 is not played anymore.} (11. h3 Nh6 $11) 11... Bd7 12. h3 Nh6 {[%emt 0:00:03] White is slightly better.} 13. f3 Nf7 {[%emt 0:05:04] [#]} 14. a3 $146 ({Predecessor:} 14. g4 hxg4 15. fxg4 Bh6 16. Bf2 Kg7 17. h4 Rh8 18. a3 c5 19. Nf1 Bf4 20. Ng3 Nc7 21. h5 Qe7 22. Rg1 Ng5 {½-½ (22) Buli,V (2294)-Wittmann,W (2376) Budapest 2005}) 14... c5 15. dxc6 (15. Bd3) (15. Bd3 $16) 15... bxc6 $11 16. b4 Nc7 17. Nb3 Ne6 18. O-O Nf4 19. Re1 Be6 (19... g5 $5 20. Bf2 f5 $11) 20. Bf1 Qc8 21. Kh2 ({White should try} 21. Na5 $14) 21... Rd8 (21... Kh8 $11) 22. Rc1 $14 g5 23. Bg3 Ng6 {[%emt 0:11:22] [#]} 24. Ne2 (24. Nd5 $1 $14) 24... Bh6 25. Rc3 g4 26. h4 (26. fxg4 $14 hxg4 27. h4) 26... Nf4 ({Black should play} 26... gxf3 $11 27. gxf3 f5) 27. Qc2 Kh8 28. c5 d5 29. Bxf4 exf4 30. Ned4 dxe4 31. Qxe4 Ne5 $1 32. Ba6 Qd7 ({Don't do} 32... g3+ 33. Kh1 Qd7 34. Nxe6 (34. Nxc6 $2 Nxc6 35. Rd3 Bd5 $17) 34... Qxe6 35. Nd4 $18) 33. Nxc6 $1 {[%emt 0:00:27] [#] Hoping for Nbd4.} Bf5 34. Nxe5 {[%emt 0:00:31] Dancing on a razor blade.} fxe5 35. Qb7 $36 {[%emt 0:05:33][%mdl 2048] And now c6 would win. White fights for an advantage.} ({But not} 35. Qxe5+ $2 Bg7 36. Qxf4 Bxc3 $19) 35... Qe6 36. Nd4 $1 g3+ 37. Kg1 Qa2 {[%emt 0:01:02] ( -> ...Qf2+)} 38. Ne2 {[%emt 0:00:24] Active counter play!} Qd2 (38... e4 $1 $14) 39. Rcc1 {[%emt 0:02:09] aiming for Qe7.} Qe3+ $2 {[%emt 0:00:39][%mdl 8192] Black cannot hold the game after this.} ({Better is} 39... Rf8 $1 $14) 40. Kh1 $18 Qf2 41. Rf1 Qe3 42. c6 ({Don't play} 42. Qf7 Rf8 43. Qxh5 Rf6 $18) 42... Rg8 43. c7 {[%emt 0:03:44] Strongly threatening Qd5.} Qxa3 44. Rc3 Qb2 45. Rfc1 Rac8 (45... Raf8 $142 46. Rc6 Bg7) 46. Qc6 Rg6 47. Qxg6 {[%emt 0:02:04] White mates.} Bxg6 48. Bxc8 Qxe2 49. Be6 Kh7 50. c8=Q {[%emt 0:00:10] Weighted Error Value: White=0.12 (very precise) /Black=0.40} 1-0

[Event "Mongolian Championship Women 2022"]
[Site "Chingis Khentii"]
[Date "2022.05.15"]
[Round "4.4"]
[White "Altantuya, Boldbaatar"]
[Black "Tsetsenbileg, Munkhbayar"]
[Result "1-0"]
[ECO "A11"]
[WhiteElo "2263"]
[BlackElo "1830"]
[Annotator "TA"]
[PlyCount "61"]
[EventDate "2022.05.12"]
[EventType "tourn"]
[EventCountry "MGL"]
[SourceTitle "playchess.com"]
[Source "ChessBase"]
[SourceQuality "1"]
[TimeControl "40/5400+30:1800+30"]

1. Nf3 f5 2. b3 Nf6 3. Bb2 e6 4. e3 d5 5. c4 c6 6. Nc3 Bd6 {[%emt 0:01:24] A11: English Opening: 1...c6.} 7. cxd5 exd5 8. g3 O-O {[%emt 0:01:15] White has an edge.} 9. Bg2 b6 10. O-O Ba6 {[%emt 0:03:21] [#]} 11. Ne2 $146 ({Predecessor:} 11. d3 Nbd7 12. Re1 Ne5 13. Bf1 Qc7 14. Nd4 Bc8 15. Rc1 a6 16. Bg2 Qf7 17. Re2 {1-0 (37) Cardoso,C (1902)-Dos Santos,O Brazil 2011}) 11... Bd3 12. Ne1 Bb5 (12... Ba6 $14 {might be stronger.}) 13. d3 $16 Qd7 14. Rc1 (14. Nf4 $16) 14... a5 ({Black should try} 14... Ba6 $1 $14) 15. Nd4 (15. Nf4 $16) 15... Be5 (15... Ba6 $14) 16. Nef3 Bxd4 17. Nxd4 ({Much less strong is} 17. exd4 a4 $14) 17... Ba6 18. Nf3 c5 19. Ne5 Qe8 {[%emt 0:01:06] [#]} (19... Qe6 $142) 20. Re1 $1 {[%emt 0:04:15] White is more active.} Nbd7 {[%emt 0:01:37] [#]} 21. d4 $36 {[%emt 0:01:55][%mdl 2048] And now Nxd7 would win. White is in control.} cxd4 (21... Ne4 $142 22. Nxd7 Qxd7 23. dxc5 bxc5) 22. Nxd7 (22. Qxd4 Nxe5 23. Qxe5 Qxe5 24. Bxe5 Rae8 $16) 22... Qxd7 23. Bxd4 Rab8 24. Be5 {[%emt 0:15:39] A strong pair of Bishops.} Rbe8 (24... Rbc8 $16 {keeps fighting.} 25. Qd4 Rc6 26. Rxc6 Qxc6 27. Bxf6 Qxf6 28. Qxd5+ (28. Bxd5+ Kh8 $16) 28... Kh8) 25. Bxf6 ({White should play} 25. Qd4 $18) 25... Rxf6 26. Bxd5+ Kh8 {[%emt 0:00:12] [#] ...Rd6 is the strong threat.} 27. Bc6 $1 Qxd1 28. Rexd1 Rc8 {[%emt 0:00:41] [#]} (28... Ref8 29. Bf3 g5) 29. Bb5 $1 $18 {[%emt 0:00:30][%mdl 512] White threatens Rxc8+ and mate. White is clearly winning.} Rxc1 30. Rxc1 Bb7 31. Rc7 {[%emt 0:00:05] Weighted Error Value: White=0.18 (very precise) /Black=0.34} 1-0

[Event "Mongolian Championship Women 2022"]
[Site "Chingis Khentii"]
[Date "2022.05.15"]
[Round "4.5"]
[White "Munguntuul, Batkhuyag"]
[Black "Khulan, Enkhsaikhan"]
[Result "1-0"]
[ECO "C11"]
[WhiteElo "2443"]
[BlackElo "2111"]
[Annotator "TA"]
[PlyCount "99"]
[EventDate "2022.05.12"]
[EventType "tourn"]
[EventCountry "MGL"]
[SourceTitle "playchess.com"]
[Source "ChessBase"]
[SourceQuality "1"]
[TimeControl "40/5400+30:1800+30"]

1. e4 e6 2. d4 d5 3. Nc3 Nf6 4. e5 Nfd7 5. f4 c5 6. Nf3 Nc6 7. Be3 a6 8. Qd2 b5 9. dxc5 Bxc5 10. Bd3 {[%emt 0:00:39] C11: French: Classical System: 4 e5 and 4 Bg5 dxe4.} Qb6 (10... d4 11. Nxd4 Nxd4 12. Ne4 $16) 11. Bf2 Bxf2+ (11... h6 {is interesting.} 12. O-O Bb7 13. a3 Bxf2+ 14. Qxf2 Qxf2+ 15. Kxf2 g5) 12. Qxf2 {[%emt 0:00:04] The position is equal.} Qxf2+ 13. Kxf2 Bb7 (13... O-O 14. a3 Bb7 15. Rhe1 b4 16. axb4 Nxb4 17. Nd4 Nc5 18. Ke3 f6 19. Na4 fxe5 20. Nxc5 exd4+ {0-1 (50) Munguntuul,B (2421)-Khulan,E (2085) Murun 2019}) 14. Rhe1 {[%emt 0:11:21] [#]} O-O $146 ({Predecessor:} 14... h5 15. Ne2 g6 16. Ned4 Nxd4 17. Nxd4 Nc5 18. Ke3 Ke7 19. c3 Rac8 20. Bc2 Rc7 {½-½ (44) Sergienko,S (2335)-Sumaneev,D (2450) Chess.com INT 2020}) 15. Ne2 f6 16. exf6 gxf6 17. Ned4 Nxd4 18. Nxd4 e5 {[%emt 0:00:07] [#]} 19. Bf5 $1 Nb6 (19... Bc8 $142) 20. fxe5 $16 fxe5 21. Rxe5 Nc4 22. Re7 Bc8 23. g4 {[%emt 0:00:37] 0x0.0024a84a1139dp-1022s more active pieces.} Nxb2 (23... Bxf5 $16 {keeps fighting.} 24. gxf5 Nd6 25. Rg1+ Kh8) 24. Rae1 {[%emt 0:08:00] Threatens to win with Kg3.} Bxf5 25. Nxf5 {[%emt 0:00:34] Intending Rg7+ and mate.} ({But not} 25. gxf5 Rf7 26. Kf3 Nc4 $16) 25... Rf7 {[%emt 0:00:21] Against Rg7+} (25... Rac8 26. Rg7+ Kh8 27. Ree7 Rxc2+ 28. Kg3 Rxf5 29. gxf5 Rc6 30. Rxh7+ Kg8 31. Reg7+ Kf8 32. Ra7) 26. Kg3 Rxe7 27. Rxe7 $18 {[%emt 0:03:47][%mdl 4096] Endgame KRN-KRN} ({Resist} 27. Nxe7+ Kf8 $16) 27... Na4 28. Rc7 {[%emt 0:03:45] Against Nc3} (28. g5 $18) 28... Nb6 (28... Kh8 $16 29. Ne7 Nb6) 29. Rb7 Nc4 30. Ne7+ Kf7 $2 {[%emt 0:01:39][%mdl 8192] A mistake that costs the game.} (30... Kf8 $16 31. Nxd5 Rd8) 31. Nxd5+ Kg6 32. Nf4+ Kf6 33. Rxh7 a5 34. Rc7 Nd6 35. Rc6 Ke5 36. Rc5+ Ke4 37. h4 Rf8 {[%emt 0:02:02] [#]} 38. Rc7 $1 {[%emt 0:06:43] aiming for Re7+.} Ke3 {[%emt 0:03:16] Strongly threatening ...Ne4+.} 39. Ng2+ Ke4 40. g5 Rf3+ 41. Kh2 ({Less strong is} 41. Kg4 Nf5 $18) 41... Rf2 42. g6 {[%emt 0:00:59] And now g7 would win.} Rf6 43. g7 Rg6 44. h5 Rg4 45. Kh3 (45. h6 $142 Nf5 46. h7 Rxg7 47. Rxg7 Nxg7 48. h8=Q) 45... Rg5 46. Nh4 (46. h6 $142 Nf5 47. h7 Rh5+ 48. Kg4 Rxh7 {[#]} 49. g8=Q $1 Nh6+ 50. Kg5 Nxg8 51. Rxh7) 46... Kf4 47. Ng6+ {[%emt 0:01:48] White mates.} Kf3 48. g8=Q Rg3+ 49. Kh2 Rg2+ 50. Kh1 {[%emt 0:00:02] Weighted Error Value: White=0.09 (flawless) /Black=0.32} 1-0

[Event "Mongolian Championship Women 2022"]
[Site "Chingis Khentii"]
[Date "2022.05.15"]
[Round "4.6"]
[White "Enkhtuul, Altan-Ulzii"]
[Black "Nomindalai Tumurbaatar"]
[Result "1-0"]
[ECO "A57"]
[WhiteElo "2228"]
[BlackElo "2111"]
[Annotator "TA"]
[PlyCount "57"]
[EventDate "2022.05.12"]
[EventType "tourn"]
[EventCountry "MGL"]
[SourceTitle "playchess.com"]
[Source "ChessBase"]
[SourceQuality "1"]
[TimeControl "40/5400+30:1800+30"]

1. d4 Nf6 2. c4 c5 3. d5 b5 4. f3 e6 5. e4 bxc4 (5... Nxe4 6. fxe4 Qh4+ 7. Ke2) (5... Nxe4 $2 6. fxe4 Qh4+ 7. Ke2 $18) 6. dxe6 {[%emt 0:03:05] A57: Benko/Volga Gambit.} (6. Nc3) (6. Na3 $11) 6... fxe6 $15 7. e5 (7. Bxc4 d5 8. Bb3) (7. Bxc4 $15 d5 8. Bb3) 7... Nd5 $17 {[%emt 0:00:16] [#]} 8. f4 $146 {[%emt 0:40:08] Black is better.} ({Predecessor:} 8. g3 Bb7 9. Bxc4 Qc7 10. Qe2 Nc6 11. Bxd5 Nd4 12. Qd1 Qxe5+ 13. Kf2 Qxd5 14. Nc3 {0-1 (27) Daniluk,J (1980)-Rekhson,V (2259) Edmonton 2014}) 8... Ba6 9. Nf3 Nc6 10. Na3 (10. Bd2 $17 {might work better.}) 10... Qa5+ $19 11. Kf2 c3 12. Nc4 Bxc4 13. Bxc4 cxb2 14. Bxb2 Qb4 ({Better is} 14... Rb8 $19 15. Qc2 Ncb4) 15. Bxd5 $2 (15. Qc2 $1 $15) 15... Qxb2+ 16. Kg3 {[%emt 0:00:04] Hoping for Rb1.} exd5 17. Qxd5 Be7 {[%emt 0:01:00] Strongly threatening ...Rd8.} 18. e6 O-O-O 19. Rhd1 $2 (19. Rab1 Qc2 20. exd7+ Kc7 21. Ne5 (21. Rhd1 $2 Qg6+ 22. Ng5 Rb8 $19) 21... Qc3+ 22. Kf2 Qd4+ 23. Qxd4 Nxd4 24. Nf7) 19... Qf6 (19... Nd4 20. Nxd4 Qb7 21. Nf5 Qxd5 22. Nxe7+ (22. Rxd5 Rhe8 $16) 22... Kb8 23. Rxd5 $18) 20. exd7+ Kc7 $1 21. Ng5 Qg6 22. h4 {[%emt 0:02:26][%cal Oh4h5] [#] h5! is the strong threat.} Bxg5 $2 (22... h6 23. h5 Nb4 24. Qe5+ (24. hxg6 Nxd5 25. Nf7 Bf6 $17) 24... Bd6 25. hxg6 $18) (22... Nb4 $1 $19 {[%cal Rb4d5] and Black stays clearly on top.} 23. Qf3 Rhf8) 23. hxg5 {[%emt 0:00:08] [#]} h6 (23... Rhf8 $1 $17 {[%cal Rf8f5] And now ...Rf5 would win.} 24. Rab1 (24. Qxc5 $2 Rf5 $19) 24... Rf5) 24. Rac1 $11 hxg5 25. fxg5 $40 {[%emt 0:00:03][%mdl 128] White has some attack. Dancing on a razor blade.} Rh6 $2 (25... Qh7 $11 26. Qd6+ (26. Qxc5 {leads to mate.} Qh2+ 27. Kf3 Rdf8+ 28. Ke3 Rh3+ 29. gxh3 Qf2+ 30. Kd3 Rf3+) (26. Rxc5 $2 Qh4+ 27. Kf3 Rhf8+ 28. Ke3 Qg3+ 29. Qf3 Rxf3+ $19) 26... Kb7 27. Rb1+ Nb4 28. Rxb4+ (28. Qxc5 {is a self mate.} Qh2+ 29. Kg4 Qxg2+ 30. Kf5 Rdf8+) 28... cxb4 29. Qd5+ Kc7 30. Qd6+ Kb7 31. Qd5+ Kc7 32. Qd6+ Kb7) 26. Qxc5 {[%emt 0:00:38][%cal Rc5a7] White mates.} Kb8 27. Qb5+ Ka8 28. Rb1 {[%emt 0:00:30][%csl Gb1][%cal Rb5b7] Active counter play!} Na5 29. Qxa5 {[%emt 0:01:14] Weighted Error Value: White=0.33/Black=0.51} 1-0